 Dungeon Crawl Stone Soup version 0.29-a0-982-gaed3a0c8d8 (webtiles) character file.

Game seed: 9483862339960138106

621 IdlyInterested the Chopper (level 7, -5/52 HPs)
             Began as a Demonspawn Fighter on Aug 1, 2022.
             Slain by Blork the orc
             ... wielding a +0 scimitar
              (6 damage)
             ... on level 5 of the Dungeon.
             The game lasted 00:14:21 (4522 turns).

IdlyInterested the Chopper (Demonspawn Fighter)     Turns: 4522, Time: 00:14:22

Health: -5/52      AC:  6    Str: 16    XL:     7   Next: 22%
Magic:  7/7        EV: 10    Int:  9    God:
Gold:   168        SH:  0    Dex: 15    Spells: 6/6 levels left

rFire   . . .      SeeInvis .   a - +0 war axe
rCold   . . .      Faith    .   (no shield)
rNeg    . . .      Spirit   .   b - +0 scale mail
rPois   .          Reflect  .   (no helmet)
rElec   .          Harm     .   (no cloak)
rCorr   .          Rampage  .   (no gloves)
Will    .....                   (no boots)
Stlth   ..........              (no amulet)
HPRegen 0.17/turn               h - ring of flight
MPRegen 0.10/turn               (no ring)

@: lethally poisoned (-5 -> -6), flying, studying Fighting, invisible
A: weakness stinger 1, demonic touch 2
a: no special abilities


You were on level 5 of the Dungeon.
You visited 1 branch of the dungeon, and saw 5 of its levels.
You also visited: Ossuary.

You collected 208 gold pieces.
You spent 40 gold pieces at shops.

Inventory:

Hand Weapons
 a - a +0 war axe (weapon)
 n - a +0 hand axe
 t - a +2 spear of venom
 u - a +2 flail of draining
 v - a +0 hand axe
 B - a +0 hand axe
Missiles
 m - 2 javelins
 y - 2 poisoned darts (quivered)
Armour
 b - a +0 scale mail (worn)
 c - a +0 buckler
 j - an orb of mayhem
 r - an orb of energy
Magical Staves
 E - a staff of conjuration
Jewellery
 h - a ring of flight (left hand)
 p - a ring of ice
Wands
 o - a wand of digging (2)
 q - a wand of polymorph (8)
Scrolls
 s - 2 scrolls of identify
 x - a scroll of teleportation
 C - a scroll of enchant armour {unknown}
Potions
 d - 3 potions of might
 e - a potion of magic
 f - 2 potions of haste
 g - 2 potions of curing
 i - a potion of brilliance
 k - 2 potions of invisibility
 l - 3 potions of heal wounds {unknown}
 w - 3 potions of mutation
 z - 2 potions of berserk rage {unknown}
 A - a potion of lignification {unknown}
 D - 2 potions of flight {unknown}


   Skills:
 - Level 3.0 Fighting
 + Level 4.4 Axes
 - Level 3.0 Armour
 - Level 3.0 Dodging
 - Level 2.6 Shields
 * Level 3.9 Unarmed Combat
 + Level 2.0 Evocations


You had 6 spell levels left.
You didn't know any spells.
Your spell library contained the following spells:

 Spells                   Type           Power      Damage    Failure   Level
 Beastly Appendage        Tmut           0%         N/A       82%         1
 Sting                    Tmut/Pois      0%         1d3       82%         1
 Ensorcelled Hibernation  Hex/Ice        0%         N/A       91%         2
 Poisonous Vapours        Pois/Air       0%         N/A       91%         2
 Call Canine Familiar     Summ           0%         N/A       99%         3
 Ozocubu's Armour         Ice            0%         N/A       99%         3
 Spider Form              Tmut/Pois      0%         N/A       99%         3
 Summon Guardian Golem    Hex/Summ       0%         N/A       99%         3
 Anguish                  Hex/Necr       0%         N/A       100%        4
 Olgreb's Toxic Radiance  Pois           0%         N/A       100%        4
 Metabolic Englaciation   Hex/Ice        0%         N/A       100%        5
 Simulacrum               Ice/Necr       0%         N/A       100%        6
 Monstrous Menagerie      Summ           0%         N/A       100%        7


Dungeon Overview and Level Annotations

Branches:
Dungeon (5/15)            Ossuary (visited)
 Temple: D:4-7

Altars:
Fedhas
Kikubaaqudgha

Shops:
D:2 ?   D:4 =

Annotations:
D:5 Blork the orc


Innate Abilities, Weirdness & Mutations

You have a small tail.
Your touch may inflict irresistible damage on your foes.


Message History

There is a stone staircase leading down here.
You see here a +0 falchion.
There is a stone staircase leading down here.
You fly downwards.
Blork the orc shouts!
The adder hisses angrily.
Found a potion of degeneration and a jewelled silver wand.
There is a stone staircase leading up here.
You see here a wand of iceblast (9).
You hit Blork the orc.
Blork the orc is lightly wounded.
Blork the orc gestures wildly while chanting.
Blork the orc seems to speed up.
Blork the orc closely misses you.
You barely miss Blork the orc. You tail-slap Blork the orc.
Blork the orc is lightly wounded.
Blork the orc hits you with a +0 scimitar.
The adder bites you but does no damage.
Blork the orc casts a cantrip, but nothing happens.
You hit Blork the orc but do no damage.
Blork the orc is lightly wounded.
You closely miss the adder. The adder bites you but does no damage.
Blork the orc hits you with a +0 scimitar!
The adder bites you.
You are poisoned.
The adder poisons you!
You slash Blork the orc!
You touch Blork the orc!
Blork the orc is severely wounded.
You closely miss the adder.
You feel sick.
Blork the orc hits you with a +0 scimitar!
Blork the orc screams, "I'll eat your brain!
And then I'll vomit it back up!"
Blork the orc hits you with a +0 scimitar!
* * * LOW HITPOINT WARNING * * *
The adder bites you but does no damage.
It was a potion of invisibility.
You fade into invisibility!
You feel sick.
Blork the orc hits you with a +0 scimitar!
* * * LOW HITPOINT WARNING * * *
The adder bites you but does no damage.
Blork the orc hits you with a +0 scimitar.
You die...

..........#
..........#
..........#
..........#
..........#
..........#
..........#
......!<..#
........@.#
.......So.#
..........#
..........#
..........#
..........#
..........#
.........#


You could see Blork the orc (fast, unable to see you) and an adder (unable to
see you).

Vanquished Creatures
  A sky beast (D:4)
  A phantom (D:4)
  A necrophage (D:4)
  A scorpion (D:3)
  A hound (D:4)
  A gnoll bouda (D:4)
  2 human zombies (Ossuary)
  2 iguanas (D:4)
  5 mummies (Ossuary)
  2 adders
  A worm (D:3)
  3 dart slugs
  8 orcs
  6 endoplasms
  4 giant cockroaches
  2 gnoll zombies
  6 hobgoblins
  8 kobolds
  3 quokkas
  2 ball pythons
  3 bats
  2 frilled lizards
  4 goblins
  3 goblin zombies (Ossuary)
  2 kobold zombies (Ossuary)
  7 rats
81 creatures vanquished.

Vanquished Creatures (others)
  A plant (D:3)
1 creature vanquished.

Grand Total: 82 creatures vanquished

Notes
Turn   | Place    | Note
-------+----------+-------------------------------------------
     0 | D:1      | IdlyInterested the Demonspawn Fighter began the quest for
                  | the Orb.
     0 | D:1      | Reached XP level 1. HP: 18/18 MP: 1/1
    56 | D:1      | Found a faded altar of an unknown god.
   135 | D:1      | Reached skill level 2 in Axes
   368 | D:1      | Discovered your monstrous ancestry.
   368 | D:1      | Gained mutation: You have a small tail. [demonic ancestry]
   368 | D:1      | Reached XP level 2. HP: 24/24 MP: 2/2
  1075 | D:2      | Found a blossoming altar of Fedhas.
  1097 | D:2      | Found Gaedgh's Magic Scroll Boutique.
  1248 | D:2      | Reached skill level 1 in Dodging
  1419 | D:2      | Reached XP level 3. HP: 29/29 MP: 3/3
  1579 | D:2      | Bought a scroll of identify for 20 gold pieces
  1579 | D:2      | Bought a scroll of identify for 20 gold pieces
  1778 | D:3      | Noticed a scorpion
  1784 | D:3      | Killed a scorpion
  1785 | D:3      | Reached skill level 3 in Axes
  1785 | D:3      | Gained mutation: Your touch may inflict minor irresistible
                  | damage on your foes. [demonic ancestry]
  1785 | D:3      | Reached XP level 4. HP: 35/35 MP: 4/4
  2600 | D:3      | Reached skill level 1 in Unarmed Combat
  2658 | D:4      | Noticed a necrophage
  2664 | D:4      | Killed a necrophage
  2665 | D:4      | Reached XP level 5. HP: 41/41 MP: 5/5
  2757 | D:4      | Found Geobaus's Jewellery Emporium.
  2818 | D:4      | Noticed a phantom
  2829 | D:4      | Killed a phantom
  2830 | D:4      | Reached XP level 6. HP: 33/47 MP: 6/6
  2952 | D:4      | Found an ancient bone altar of Kikubaaqudgha.
  3043 | D:4      | Found a sand-covered staircase.
  3050 | Ossuary  | Entered an ossuary
  3121 | Ossuary  | Reached skill level 4 in Axes
  3169 | Ossuary  | Reached skill level 1 in Evocations
  3977 | D:4      | Noticed a sky beast
  3993 | D:4      | Killed a sky beast
  3994 | D:4      | Gained mutation: Your touch may inflict irresistible damage
                  | on your foes. [demonic ancestry]
  3994 | D:4      | Reached XP level 7. HP: 34/52 MP: 7/7
  4268 | D:4      | Got the Enchiridion on Called Moulding
  4488 | D:5      | Entered Level 5 of the Dungeon
  4516 | D:5      | Noticed Blork the orc
  4522 | D:5      | HP: 1/52 [Blork the orc/+0 scimitar (10)]
  4522 | D:5      | Slain by Blork the orc

Illustrated notes

Levels and vault maps discovered:
D:1:      wheals_arrival_linesprint, layout_rooms,
          ebering_ecumenical_altar_webs, serial_glass, glass_columns_b,
          glass_columns_b, glass_columns_a, glass_columns_b, st_stairs_2,
          hex_large, minmay_misc_feat_room
D:2:      layout_basic, basic_altar, serial_shops, nicolae_square_shop
D:3:      layout_basic, mainiacjoe_overflow_tiny_flanked, kennysheep_nub,
          corexii_shack
D:4:      layout_basic, nicolae_kikubaaqudgha_miasma_corner, serial_shops, shop,
          enter_ossuary_3, glass_columns_b, minmay_manual_monstrance
D:5:      layout_basic, serial_park_tiny_pond, uniq_blork_the_orc

Skill      XL: |  1  2  3  4  5  6  7 |
---------------+----------------------+-----
Axes           | 2 3 4 |  4.4
Armour         | 3 |  3.0
Dodging        | 1 2 3 |  3.0
Unarmed Combat | 1 2 3 |  3.9
Evocations     | 1 2 |  2.0
Fighting       | |  3.0
Shields        | |  2.6

Action                   |  1- 3 |  4- 6 |  7- 9 || total
-------------------------+-------+-------+-------++-------
Melee: War axe           |    78 |   150 |     9 ||   237
       Tailslap          |     5 |    25 |     3 ||    33
       Touch             |       |    28 |     2 ||    30
       Punch             |       |     2 |       ||     2
  Use: Scroll            |     8 |     1 |       ||     9
       Potion            |       |     1 |     1 ||     2
Armor: Scale mail        |    36 |    58 |     5 ||    99
Dodge: Dodged            |    25 |    50 |     4 ||    79
Block: Buckler           |    18 |       |       ||    18

Table legend: (Time is in decaauts)
 A = Elapsed time spent in this place.
 B = Non-inter-level travel time spent in this place.
 C = Inter-level travel time spent in this place.
 D = Time resting spent in this place.
 E = Time spent auto-exploring this place.
 F = Levels seen in this place.
 G = Mean time per level.
                   A        B        C        D        E       F      G
               +--------+--------+--------+--------+--------+-----+--------+
         Total |   4606 |   4018 |    588 |    509 |   2263 |   6 |  767.7 |
       Dungeon |   4104 |   3516 |    588 |    509 |   1990 |   5 |  820.8 |
       Ossuary |    502 |    502 |      0 |      0 |    273 |   1 |  502.0 |
               +--------+--------+--------+--------+--------+-----+--------+

Top non-repeatable levels by time:
     D:4: 1391 daAuts
     D:2: 953 daAuts
     D:3: 926 daAuts
     D:1: 823 daAuts
 Ossuary: 502 daAuts
     D:5: 8 daAuts
